Map: 사이버 포레스트 - 래더

Players

Piberius - Winner!

  • Race: Zerg Zerg
  • League: Silver
  • Spawn Location: 11:00

VOD

Have the link to the VOD?

Description

Time

  • Played on: March 6, 2019, 2:34 a.m.
  • Length: 13:42
Show
View Real Time Build Order
Export as new Build Order

Piberius Zerg - Winner!

Build Orders:  

Get SALT Encoding   

  12  0:04  Drone  
  13  0:17  Overlord  
  13  0:24  Drone  
  14  0:42  Drone  
  14  0:43  Drone  
  16  1:11  Hatchery  
  16  1:13  Drone  
  16  1:18  Drone  
  17  1:27  Drone  
  18  1:38  Extractor  
  17  1:48  Spawning Pool  
  17  1:49  Drone  
  17  1:54  Drone  
  18  2:04  Drone  
  19  2:22  Overlord  
  19  2:53  Queen  
  19  2:54  Queen  
  19  2:56  Drone x3  
  26  3:08  Zergling x4  
  28  3:20  Drone  
  28  3:27  Drone  
  30  3:40  Drone x2  
  32  3:59  Overlord, Metabolic Boost  
  32  4:01  Drone  
  32  4:06  Drone  
  34  4:19  Drone  
  35  4:24  Drone x2  
  37  4:31  Queen  
  37  4:32  Drone  
  37  4:33  Drone x4  
  37  4:36  Overlord  
  44  4:48  Drone, Evolution Chamber  
  44  4:50  Evolution Chamber  
  44  4:52  Drone  
  42  5:15  Zergling x6  
  42  5:16  Zergling x2  
  42  5:25  Zergling x2  
  35  5:40  Drone x4  
  39  5:52  Queen  
  39  5:55  Drone x2  
  39  6:11  Drone x3  
  39  6:18  Roach Warren  
  41  6:20  Drone x3  
  44  6:36  Zerg Missile Weapons Level 1, Zerg Ground Armor Level 1  
  44  6:40  Extractor  
  44  6:41  Drone x3, Extractor  
  45  6:55  Drone  
  45  6:57  Drone x2  
  48  7:08  Drone  
  48  7:09  Drone  
  50  7:13  Overlord x2  
  50  7:26  Roach  
  52  7:32  Drone, Extractor  
  52  7:35  Hatchery  
  52  7:36  Lair  
  52  7:37  Drone  
  52  7:39  Overlord x2  
  52  7:43  Drone  
  53  8:08  Roach x4  
  53  8:09  Roach x5  
  71  8:29  Roach x2  
  75  8:41  Overlord  
  75  8:42  Overlord  
  75  8:44  Glial Reconstitution  
  75  8:56  Roach  
  75  8:57  Roach x3  
  75  8:59  Overlord x2  
  83  9:21  Drone x3  
  83  9:28  Zerg Missile Weapons Level 2, Zerg Ground Armor Level 2  
  86  9:31  Drone  
  86  9:32  Drone x2  
  86  9:34  Drone x3  
  86  9:36  Drone x2  
  94  9:47  Drone x3  
  97  9:52  Roach  
  99  10:42  Roach  
  99  10:43  Roach x10  
  99  10:44  Overlord x2  
  121  10:56  Overlord x2  
  121  11:18  Hatchery  
  120  11:21  Roach  
  120  11:22  Roach x6  
  120  11:27  Roach  
  136  11:30  Roach x4  
  144  11:52  Roach x3  
  144  11:53  Roach x2  
  144  11:54  Unknown  
  144  11:56  Overlord x4  
  151  12:20  Roach  
  151  12:21  Roach x8  
  169  12:32  Roach  
  169  12:33  Roach x3  
  175  12:50  Roach x3  
  181  13:12  Roach  
  181  13:13  Roach x4  
Tags
 
Add a new tag
Caveats
  • Supply blocks, unpowered buildings, or Contaminate may cause inaccurate times.
  • Supply counts are checked every 10 seconds.